Arrhythmia, chaotic female vampiric Convict ----- |)..--- |)[...---- --..|)...|.- --.|-.....-- --|....(....---- ----.*....|..- ####....-[.|... #------ |.(|.... |%%!.|#........ |....| |...... ---|--------... --)---...-|... --.........|..-- +............M@a -----.....{....----. |..............-- -+-----.........| --..------- ---- Arrhythmia the Jail-bird Experience level: 8 Strength: 14 Dexterity: 13 Constitution: 16 Intelligence: 17 Wisdom: 11 Charisma: 7 Health: 0(69) Energy: 46(46) AC: 5 Gold: 242 Moves: 3360 Your Inventory: Coins $ - 242 gold pieces Weapons f - a [blessed +1] mace [of searching] Armor b - a cursed +0 striped shirt (being worn) g - a [blessed] +1 hooded cloak [dwarvish] (being worn) v - a cursed -1 hard hat [dwarvish iron helm] (being worn) z - an [uncursed] +0 pair of old gloves [leather] (being worn) A - a cursed +0 small shield (being worn) B - an [uncursed +0] small shield D - an [uncursed] +0 pair of walking shoes [low] (being worn) Wands u - an [uncursed] wand called nohold [of cancellation (0:4)] Tools x - an [uncursed] magic marker [1:0] Iron balls c - an [uncursed] heavy iron ball (chained to you) Spells known in the end: Name Level Category Fail Memory Your skills at the end: Fighting Skills Weapon Skills sling [Basic / Skilled] Spellcasting Skills Final Attributes: You were piously aligned. Hunger level was 540. Your alignment was 26 / 26. Monster difficulty range was 1 - 7. Level difficulty was 7. You were immune to poison. You were immune to level-drain. You were immune to sickness. You were punished. You could fly. You could survive without air. You regenerated. Your luck was zero. You are dead. Vanquished creatures: a small mimic a dingo a housecat a snow ant an orc shaman a rock piercer an enormous rat a yellow light 3 violet fungi 4 gnome lords a little dog a floating eye 6 dwarves a kobold lord 2 hill orcs 3 rothes 2 rabid rats a giant bat a wererat an iguana a gas spore 5 hobbits a hobgoblin 2 giant rats 3 cave spiders a yellow mold a red mold 36 gnomes a gecko 2 jackals 2 foxes 2 kobolds 2 goblins 4 grid bugs 3 lichens 2 newts 102 creatures vanquished. Voluntary challenges: You went without food. You never hit with a wielded weapon. You read items or engraved 3 times. You put on armor 13 times. You never genocided any monsters. You never polymorphed an object. You never changed form. You used no wishes. You abstained from Elbereth's help. You encountered 1 bones level. You never used any Sokoban shortcuts. Dungeon overview: The Dungeons of Doom: levels 1 to 3 Level 1 a long staircase Level 2 a fountain Level 3 an altar to Tymora stairs to The Gnomish Mines The Gnomish Mines: levels 4 to 7 Level 4 stairs to The Dungeons of Doom Level 7 <- You were here a delicatessen, a fountain History has recorded: On T:1 you entered the Dungeons of Doom to retrieve the Amulet of Yendor! On T:78 you advanced to experience level 2. On T:253 you reached level 2 of The Dungeons of Doom. On T:288 you advanced to experience level 3. On T:849 you reached level 3 of The Dungeons of Doom. On T:918 you advanced to experience level 4. On T:1153 you reached level 1 of The Gnomish Mines. On T:1177 you advanced to experience level 5. On T:1433 you advanced to experience level 6. On T:2232 you advanced to experience level 7. On T:2412 you reached level 2 of The Gnomish Mines. On T:2870 you reached level 3 of The Gnomish Mines. On T:3006 you advanced to experience level 8. On T:3175 you reached level 4 of The Gnomish Mines. Latest messages: The orc mummy hits! [HP-14=49] You hit the orc mummy. You miss the orc mummy. The soldier ant bites! The soldier ant misses. The soldier ant bites! The soldier ant just misses! [HP-10=39] You miss the orc mummy. You bite the orc mummy. The soldier ant bites! The soldier ant stings! The orc mummy hits! [HP-17=22] You hit the soldier ant. You miss the soldier ant. The soldier ant bites! The soldier ant stings! The orc mummy hits! The soldier ant bites! The soldier ant stings! You die... Final status: Goodbye Arrhythmia the Convict... You died in The Gnomish Mines on dungeon level 7 with 4116 points, and 242 pieces of gold, after 3360 moves. You were level 8 with a maximum of 69 hit points when you died.